 Dungeon Crawl Stone Soup version 0.27-a0-1299-g1ab19c6527 (webtiles) character file.

Game seed: 17987849575138111018

7081 TERVi the Carver (level 11, -4/89 HPs)
             Began as a Barachi Berserker on June 15, 2021.
             Was an Elder of Trog.
             Shot with an arrow by a centaur warrior (21 damage)
             ... on level 9 of the Dungeon on June 16, 2021.
             The game lasted 00:31:09 (8861 turns).

TERVi the Carver (Barachi Berserker)                Turns: 8861, Time: 00:31:09

Health: -4/89      AC: 17    Str: 22    XL:     11   Next: 9%
Magic:  11/11      EV:  8    Int:  8    God:    Trog [****..]
Gold:   197        SH:  0    Dex: 11    Spells: 10/10 levels left

rFire    . . .     SeeInvis .   a - +6 great sword (holy)
rCold    . . .     Faith    .   (shield currently unavailable)
rNeg     . . .     Spirit   .   e - +0 plate armour
rPois    .         Reflect  .   g - +0 helmet
rElec    .         Harm     .   (no cloak)
rCorr    .         Rampage  .   (no gloves)
Will     .....                  i - +0 pair of boots
Stlth    ..........             (no amulet)
HPRegen  0.24/turn              (no ring)
MPRegen  0.12/turn              (no ring)

@: unable to hop, slow
A: amphibious, slowness 1, strong legs 1, +LOS
a: Hop, Renounce Religion, Berserk, Trog's Hand, Brothers in Arms


You were on level 9 of the Dungeon.
You worshipped Trog.
Trog was greatly pleased with you.
You visited 1 branch of the dungeon, and saw 9 of its levels.

You collected 515 gold pieces.
You spent 318 gold pieces at shops.

Inventory:

Hand Weapons
 a - a +6 great sword of holy wrath (weapon)
Missiles
 p - 8 boomerangs
 q - 5 javelins
 r - 37 poisoned darts (quivered)
Armour
 e - a +0 plate armour (worn)
 g - a +0 helmet (worn)
 i - a +0 pair of boots (worn)
Jewellery
 n - an amulet of the acrobat
Wands
 m - a wand of paralysis (7)
 x - a wand of polymorph (5)
 y - a wand of iceblast (3)
Scrolls
 b - 2 scrolls of magic mapping
 t - 2 scrolls of teleportation
 z - a scroll of enchant weapon
 B - a scroll of enchant armour {unknown}
Potions
 c - 2 potions of haste
 d - 2 potions of berserk rage
 f - 4 potions of heal wounds
 h - a potion of flight {unknown}
 j - a potion of might {unknown}
 k - a potion of lignification {unknown}
 l - a potion of magic {unknown}
 o - a potion of attraction {unknown}
 s - 2 potions of brilliance
 u - 7 potions of curing
 v - a potion of cancellation {unknown}
 w - 3 potions of degeneration {unknown}
 A - a potion of mutation {unknown}


   Skills:
 + Level 9.1 Fighting
 + Level 13.9 Long Blades
 + Level 2.4 Throwing
 + Level 10.5 Armour
 + Level 3.8 Dodging
 + Level 1.2 Stealth


You had 10 spell levels left.
You didn't know any spells.
Your spell library was empty.

Dungeon Overview and Level Annotations

Branches:
Dungeon (9/15)             Temple (0/1) D:7            Lair (0/6) D:8
    Orc: D:9-12

Altars:
Cheibriados
Dithmenos
Elyvilon
Makhleb
Trog
Uskayaw
Vehumet
Wu Jian

Shops:
D:6 :?*!   D:8 *


Innate Abilities, Weirdness & Mutations

You are amphibious.
You cover ground slowly.
You can hop short distances.
You have an extended range of vision and can be seen from far away.


Message History

a +0 club; a +0 leather armour
Things that are here:
a +0 trident; a +0 chain mail
Items here: ( )) [ †.
r - 35 poisoned darts (gained 1)
r - 37 poisoned darts (gained 2)
Found 16 stones.
An acid dragon, a gnoll sergeant and 2 centaur warriors come into view.
The gnoll sergeant shouts!
The centaur warrior shouts!
The gnoll sergeant moves out of view.
The centaur warrior moves out of view. x2
Found 35 gold pieces and a potion of berserk rage.
No reachable target in view!
An orc wizard, a centaur warrior and a vampire come into view.
The orc wizard shouts!
The centaur warrior shouts!
You hear a shout! x2
The centaur warrior wields a +0 shortbow.
The centaur warrior shoots an arrow.
The arrow hits you!
A water moccasin comes into view.
The centaur warrior wields a +0 shortbow.
The centaur warrior shoots an arrow.
The arrow hits you!
An orc wizard comes into view. It is wielding a +0 dagger.
An orc priest comes into view. It is wielding a +0 club.
Found 39 gold pieces, a scroll of teleportation and a scratched ruby ring.
You see here 5 poisoned darts.
Hop to where?
Press: ? - help, Dir - move target Boing!
Items here: ( )) [ †.
The centaur warrior shoots an arrow.
The arrow hits you!
The centaur warrior shoots an arrow.
The arrow hits you.
The centaur warrior shoots an arrow.
The arrow hits you!
The centaur warrior wields a +0 shortbow.
The centaur warrior shoots an arrow.
The arrow barely misses you.
The centaur warrior shoots an arrow.
The arrow hits you!
The centaur warrior shoots an arrow.
The arrow hits you!
* * * LOW HITPOINT WARNING * * *
There is a stone staircase leading up, spattered with blood here.
The centaur warrior shoots an arrow.
The arrow hits you!
* * * LOW HITPOINT WARNING * * *
The centaur warrior shoots an arrow.
The arrow hits you!!
You die...

#.... #...# .# #...#
#.# #...# #.# #...#
#.# #...##
#########.##+##....#
...................###
................@....#
.....................#
........)............#
########).)....#######
# #......)# #o
###.....# #.c #....##
..o. ###..# ..V.. #cc#


You could see 2 centaur warriors.

Vanquished Creatures
  A two-headed ogre (D:6)
  3 death yaks
  Joseph (D:9)
  A komodo dragon (D:5)
  5 yaks
  Eustachio (D:4)
  2 steam dragons
  A wyvern (D:7)
  A water moccasin (D:6)
  An orc warrior (D:9)
  A sky beast (D:7)
  3 ice beasts
  2 necrophages
  An ogre (D:6)
  2 centaurs
  A bullfrog (D:7)
  2 scorpions (D:5)
  A gnoll sergeant (D:5)
  A water moccasin skeleton (D:7)
  A vampire bat (D:8)
  A howler monkey (D:7)
  2 centaur zombies
  An orc priest (D:7)
  A hound (D:6)
  A bullfrog zombie (D:6)
  3 jellies
  3 bullfrog skeletons
  2 iguanas (D:5)
  13 orc wizards
  A scorpion zombie (D:5)
  2 killer bee zombies
  2 howler monkey zombies (D:8)
  A howler monkey skeleton (D:5)
  11 gnolls
  3 adders
  4 white imps
  2 worms (D:5)
  5 dart slugs
  15 orcs
  10 bats
  8 endoplasms
  9 giant cockroaches
  2 goblins (D:1)
  12 hobgoblins
  10 jackals
  2 kobolds
  6 quokkas
  7 ball pythons
  4 frilled lizards
  3 rats
178 creatures vanquished.

Vanquished Creatures (others)
  A gnoll shaman (D:4)
  An orc wizard (D:5)
  2 gnolls (D:4)
  2 plants (D:7)
6 creatures vanquished.

Grand Total: 184 creatures vanquished

Notes
Turn   | Place    | Note
-------+----------+-------------------------------------------
     0 | D:1      | TERVi the Barachi Berserker began the quest for the Orb.
     0 | D:1      | Reached XP level 1. HP: 18/18 MP: 1/1
    98 | D:1      | Reached XP level 2. HP: 14/25 MP: 2/2
   235 | D:1      | Reached skill level 4 in Long Blades
   553 | D:1      | Reached XP level 3. HP: 29/30 MP: 3/3
   618 | D:1      | Reached ** piety under Trog
  1505 | D:2      | Reached XP level 4. HP: 37/37 MP: 4/4
  1707 | D:2      | Identified a scroll of acquirement
  1707 | D:2      | Acquired a +4 great sword of holy wrath
  1849 | D:3      | Found a hide-covered altar of Uskayaw.
  1900 | D:3      | Reached skill level 5 in Long Blades
  2104 | D:3      | Found a faded altar of an unknown god.
  2185 | D:3      | Reached XP level 5. HP: 42/42 MP: 5/5
  2630 | D:4      | Noticed Eustachio
  2649 | D:4      | Killed Eustachio
  2650 | D:4      | Reached skill level 6 in Long Blades
  2650 | D:4      | Reached XP level 6. HP: 26/49 MP: 6/6
  2842 | D:4      | Noticed a necrophage
  2847 | D:4      | Killed a necrophage
  3062 | D:4      | Found a radiant altar of Vehumet.
  3077 | D:4      | Reached *** piety under Trog
  3080 | D:4      | Reached skill level 7 in Long Blades
  3191 | D:4      | Paralysed by a gnoll for 5 turns
  3198 | D:4      | Paralysed by a gnoll for 3 turns
  3465 | D:4      | Found an ornate altar of the Wu Jian Council.
  3465 | D:4      | Found a bloodstained altar of Trog.
  3570 | D:5      | Entered Level 5 of the Dungeon
  3598 | D:5      | Reached skill level 5 in Fighting
  3598 | D:5      | Reached XP level 7. HP: 28/56 MP: 7/7
  3781 | D:5      | Reached skill level 5 in Armour
  4629 | D:5      | Reached skill level 8 in Long Blades
  4669 | D:5      | Reached XP level 8. HP: 56/63 MP: 8/8
  4820 | D:5      | Noticed a komodo dragon
  4820 | D:5      | Noticed a yak
  4833 | D:5      | Killed a yak
  4840 | D:5      | Killed a komodo dragon
  4841 | D:5      | Reached skill level 9 in Long Blades
  5606 | D:6      | Found a snail-covered altar of Cheibriados.
  5652 | D:6      | Reached skill level 10 in Long Blades
  5662 | D:6      | Reached XP level 9. HP: 64/71 MP: 9/9
  5847 | D:6      | Found a burning altar of Makhleb.
  6000 | D:6      | Found Daewuet's Magic Scroll Shop.
  6014 | D:6      | Noticed a two-headed ogre
  6023 | D:6      | Killed a two-headed ogre
  6024 | D:6      | Reached skill level 11 in Long Blades
  6024 | D:6      | Reached skill level 1 in Throwing
  6055 | D:6      | Bought a scroll of identify for 24 gold pieces
  6055 | D:6      | Bought a scroll of identify for 24 gold pieces
  6055 | D:6      | Bought a scroll of identify for 24 gold pieces
  6055 | D:6      | Bought a scroll of identify for 24 gold pieces
  6114 | D:6      | Found Ulogh's Book Boutique.
  6296 | D:6      | Found Detimou's Assorted Antiques.
  6306 | D:6      | Bought an orange potion for 27 gold pieces
  6306 | D:6      | Bought a sapphire potion for 27 gold pieces
  6328 | D:6      | Found Ucsat's Distillery.
  6331 | D:6      | Bought 2 potions of curing for 66 gold pieces
  6331 | D:6      | Bought a potion of heal wounds for 55 gold pieces
  6446 | D:7      | Found a staircase to the Ecumenical Temple.
  6549 | D:7      | Reached XP level 10. HP: 46/80 MP: 10/10
  6716 | D:7      | Found a shadowy altar of Dithmenos.
  6756 | D:7      | Found a white marble altar of Elyvilon.
  6850 | D:7      | Reached skill level 12 in Long Blades
  6860 | D:7      | Reached **** piety under Trog
  7336 | D:7      | Upgraded the game from 0.27-a0-1291-geefcff550b to
                  | 0.27-a0-1299-g1ab19c6527
  7390 | D:8      | Found a staircase to the Lair.
  7391 | D:8      | Noticed a death yak
  7391 | D:8      | Noticed a death yak
  7392 | D:8      | Noticed a death yak
  7411 | D:8      | Killed a death yak
  7412 | D:8      | Reached skill level 1 in Stealth
  7713 | D:7      | Killed a death yak
  7717 | D:7      | Killed a death yak
  7718 | D:7      | Reached skill level 13 in Long Blades
  7758 | D:7      | Reached skill level 10 in Armour
  8079 | D:8      | Reached XP level 11. HP: 67/87 MP: 11/11
  8292 | D:8      | Found Meyqaabi's Assorted Antiques.
  8304 | D:8      | Bought a viscous pink potion for 22 gold pieces
  8304 | D:8      | Bought a scroll labelled GAEPHA UPNI for 25 gold pieces
  8661 | D:9      | Noticed Joseph
  8678 | D:9      | Killed Joseph
  8853 | D:9      | Noticed a centaur warrior
  8853 | D:9      | Noticed a centaur warrior
  8854 | D:9      | Noticed a centaur warrior
  8861 | D:9      | Shot with an arrow by a centaur warrior

Illustrated notes

Levels and vault maps discovered:
D:1:      dpeg_arrival_rooms_c, layout_basic
D:2:      layout_basic
D:3:      layout_loops_cross, eat_drink_and_be_merry_uskayaw,
          hellmonk_ecumenical_altar_crossroads
D:4:      layout_loops_ring, fiery_altar_vehumet, minitemple, uniq_eustachio
D:5:      kennysheep_big_flooded_room, layout_loops_corners,
          portal_sewer_entry_a, kennysheep_opposing_triangles
D:6:      minmay_flawed_box, layout_rooms, serial_shops, nicolae_shop_stone,
          kennysheep_mini_moat, shop, shop, shop, minmay_misc_feat_doors,
          hangedman_abyss_or_decor_passed, hangedman_feature_mirror
D:7:      layout_basic, lemuel_crystal_altar, nicolae_elyvilon_temple_path,
          minmay_temple_entry_junction_2
D:8:      layout_loops_cross, dpeg_lair_monsters, serial_shops,
          nicolae_lakefront_shop, roderic_batcave, chequers_arboretum
D:9:      minmay_bloctagon, layout_irregular_city, zin_purify,
          lemuel_tele_altar, ebering_ghost_xom, minmay_holes, uniq_joseph,
          uniq_harold

Skill      XL: |  1  2  3  4  5  6  7  8  9 10 11 |
---------------+----------------------------------+-----
Long Blades    | 4 5 6 7 8 10 11 13 | 13.9
Fighting       | 4 5 6 7 8 9 |  9.1
Armour         | 3 4 6 7 8 10 | 10.5
Dodging        | 3 |  3.8
Throwing       | 1 2 |  2.4
Stealth        | 1 |  1.2

Action                   |  1- 3 |  4- 6 |  7- 9 | 10-12 || total
-------------------------+-------+-------+-------+-------++-------
Melee: Falchion          |    97 |     4 |       |       ||   101
       Great sword       |       |    99 |   194 |    97 ||   390
Throw: Boomerang         |       |       |     8 |     6 ||    14
       Dart              |       |       |    10 |     9 ||    19
Invok: Berserk           |     1 |       |     4 |     2 ||     7
       Trog's Hand       |       |       |     4 |     2 ||     6
 Abil: Hop               |       |       |     1 |     2 ||     3
  Use: Scroll            |       |     7 |     4 |     1 ||    12
       Potion            |       |       |     1 |     1 ||     2
Armor: Animal skin       |    13 |       |       |       ||    13
       Plate armour      |    24 |    83 |   208 |    67 ||   382
       Scale mail        |    15 |       |       |       ||    15
Dodge: Dodged            |    65 |    52 |    89 |    46 ||   252
       Rpst.: Falchion   |    24 |       |       |       ||    24
       Great sword       |       |    11 |    18 |    14 ||    43

Table legend: (Time is in decaauts)
 A = Elapsed time spent in this place.
 B = Non-inter-level travel time spent in this place.
 C = Inter-level travel time spent in this place.
 D = Time resting spent in this place.
 E = Time spent auto-exploring this place.
 F = Levels seen in this place.
 G = Mean time per level.
                   A        B        C        D        E       F      G
               +--------+--------+--------+--------+--------+-----+--------+
         Total |   9972 |   9561 |    411 |    835 |   7329 |   9 | 1108.0 |
       Dungeon |   9972 |   9561 |    411 |    835 |   7329 |   9 | 1108.0 |
               +--------+--------+--------+--------+--------+-----+--------+

Top non-repeatable levels by time:
     D:5: 1820 daAuts
     D:7: 1621 daAuts
     D:4: 1548 daAuts
     D:1: 1170 daAuts
     D:8: 996 daAuts
     D:3: 961 daAuts
     D:6: 863 daAuts
     D:2: 781 daAuts
     D:9: 208 daAuts
